 Dungeon Sprint DCSS version 0.29-a0-364-g921d912d32 (webtiles) character file.

Game seed: 10178828564580728466

517 mhtbhm the Fighter (level 7, -2/79 HPs)
             Began as a Gargoyle Berserker on Apr 30, 2022.
             Was an Elder of Trog.
             Slain by a rust devil (11 damage)
             ... summoned by a kobold demonologist
             ... in the Dungeon (Sprint III: "The Ten Rune Challenge").
             The game lasted 00:00:51 (637 turns).

mhtbhm the Fighter (Gargoyle Berserker)              Turns: 637, Time: 00:00:52

Health: -2/79      AC: -3    Str: 23    XL:     7   Next: 20%
Magic:  6/6        EV: 13    Int:  7    God:    Trog [****..]
Gold:   40         SH:  0    Dex:  9    Spells: 6/6 levels left

rFire   . . .      SeeInvis .   a - +0 hand axe
rCold   . . .      Faith    .   (no shield)
rNeg    + . .      Spirit   .   b - +0 animal skin
rPois   ∞          Reflect  .   (no helmet)
rElec   +          Harm     .   (no cloak)
rCorr   .          Rampage  .   (no gloves)
Will    .....      NoTele   +   d - +0 pair of boots
Stlth   ..........              (no amulet)
HPRegen 0.23/turn               (no ring)
MPRegen 0.10/turn               (no ring)

@: berserking, corroded, very quick
A: sickness immunity, AC +4, negative energy resistance 1, electricity
resistance, torment resistance 1, petrification resistance, claws 1, low MP 1
a: Renounce Religion, Berserk, Trog's Hand, Brothers in Arms


You were in the Dungeon.
You worshipped Trog.
Trog was greatly pleased with you.
You visited 1 branch You collected 40 gold pieces.

Inventory:

Hand Weapons
 a - a +0 hand axe (weapon)
Armour
 b - a +0 animal skin (worn)
 d - a +0 pair of boots (worn)
Scrolls
 h - a scroll of blinking
 j - 2 scrolls of holy word {unknown}
 k - 2 scrolls of identify {unknown}
Potions
 c - a potion of curing
 e - a potion of haste
 f - 2 potions of magic
 g - a potion of berserk rage
 i - 4 potions of mutation
 l - 2 potions of flight
 m - a potion of brilliance {unknown}
 n - a potion of attraction {unknown}


   Skills:
 + Level 10.6 Fighting
 + Level 9.1 Axes
 + Level 4.4 Armour
 + Level 5.3 Dodging
 + Level 1.5 Stealth


You had 6 spell levels left.
You didn't know any spells.
Your spell library was empty.

Dungeon Overview and Level Annotations

Branches:
Dungeon (1/1)

Altars:
Dithmenos
Kikubaaqudgha
Okawaru
Ru
Sif Muna
Trog
Uskayaw
Vehumet
Wu Jian
Yredelemnul
Beogh


Innate Abilities, Weirdness & Mutations

You are immune to sickness and miasma.
Your stone body is resilient. (AC +4)
You are immune to poison.
You resist negative energy. (rN+)
You are resistant to electric shocks. (rElec)
You are resistant to unholy torment.
You are immune to petrification.
You have sharp fingernails.
Your magical capacity is low. (-10% MP)


Message History

You hit the kobold demonologist but do no damage.
The kobold demonologist gestures wildly while chanting.
You barely miss the rust devil.
The rust devil is moderately wounded.
You miss the kobold demonologist. The rust devil hits you.
The rust devil corrodes you!
The kobold demonologist hits you with a +0 dagger.
You hit the rust devil but do no damage.
The rust devil is moderately wounded.
You miss the kobold demonologist. The rust devil hits you!
The rust devil corrodes you!
The kobold demonologist hits you with a +0 dagger.
* * * LOW HITPOINT WARNING * * *
You are too injured to fight recklessly!
You are too injured to fight recklessly!
You are too injured to fight recklessly!
You are too injured to fight recklessly!
Unknown command.
A red film seems to cover your vision as you go berserk!
You feel yourself moving faster!
You feel mighty! The rust devil misses you.
The kobold demonologist hits you with a +0 dagger.
* * * LOW HITPOINT WARNING * * *
You closely miss the kobold demonologist.
You hit the rust devil but do no damage.
You closely miss the crimson imp. The crimson imp hits you.
* * * LOW HITPOINT WARNING * * *
The rust devil barely misses you.
You barely miss the kobold demonologist.
You hit the rust devil but do no damage.
You hit the crimson imp but do no damage.
The kobold demonologist hits you with a +0 dagger.
* * * LOW HITPOINT WARNING * * *
The crimson imp shouts, "Go and return not, thou peaked flap-mouthed dandiprat!"
The crimson imp hits you.
* * * LOW HITPOINT WARNING * * *
Unknown command.
You hit the kobold demonologist but do no damage.
You closely miss the crimson imp. You barely miss the rust devil.
The rust devil hits you!
You die...

#..#....♣ ♣♣.# #___#__#
####....♣♣♣ ♣..# #__)#._#
...#....≈.♣♣♣..###+#'###)##
...#...≈≈♣♣..♣.#..........#
...#..≈≈≈≈.♣.♣.'.⌠........#
##'#..≈≈≈≈≈≈.♣.#...######+#
.††#.≈≈≈≈≈≈....#.⌠.#
...#.≈≈≈≈≈.....#5..#
...#.≈≈≈.......#@###
####...........#K4.#
...............#3__#
▓▓▓▓▓▓▓▓▓▓▓▓▓▓▓▓▓▓▓▓


You could see a rust devil (summoned), a kobold demonologist, a neqoxec
(summoned) and a crimson imp (summoned).

Vanquished Creatures
  A water elemental (D)
  A necrophage (D)
  A scorpion (D)
  A necromancer (D)
  A wizard (D)
  3 humans (D)
  4 rats (D)
12 creatures vanquished.

Notes
Turn   | Place    | Note
-------+----------+-------------------------------------------
     0 | D        | mhtbhm the Gargoyle Berserker began the quest for the Orb.
     0 | D        | Reached XP level 1. HP: 14/14 MP: 1/1
    13 | D        | Reached ** piety under Trog
    64 | D        | Noticed a scorpion
    73 | D        | Killed a scorpion
    74 | D        | Reached skill level 6 in Fighting
    74 | D        | Reached XP level 2. HP: 15/22 MP: 2/2
    74 | D        | Reached XP level 3. HP: 19/27 MP: 3/3
    74 | D        | Reached XP level 4. HP: 23/32 MP: 4/4
    85 | D        | Reached skill level 5 in Axes
   113 | D        | Gained mutation: You have sharp fingernails. [potion of
                  | mutation]
   113 | D        | Gained mutation: Your magical capacity is low. (-10% MP)
                  | [potion of mutation]
   250 | D        | Noticed a water elemental
   256 | D        | Killed a water elemental
   256 | D        | Reached *** piety under Trog
   257 | D        | Reached skill level 7 in Fighting
   257 | D        | Reached XP level 5. HP: 38/38 MP: 4/4
   309 | D        | Found a basalt altar of Yredelemnul.
   309 | D        | Found a shadowy altar of Dithmenos.
   309 | D        | Found a sacrificial altar of Ru.
   330 | D        | Reached skill level 8 in Fighting
   389 | D        | Found a hide-covered altar of Uskayaw.
   389 | D        | Found an iron altar of Okawaru.
   389 | D        | Found a bloodstained altar of Trog.
   389 | D        | Found an ornate altar of the Wu Jian Council.
   389 | D        | Noticed a human
   390 | D        | Noticed a human
   402 | D        | Killed a human
   403 | D        | Reached skill level 9 in Fighting
   403 | D        | Reached skill level 1 in Stealth
   403 | D        | Reached XP level 6. HP: 40/48 MP: 5/5
   405 | D        | Killed a human
   405 | D        | Reached **** piety under Trog
   406 | D        | Reached skill level 10 in Fighting
   406 | D        | Reached skill level 5 in Dodging
   406 | D        | Reached XP level 7. HP: 24/53 MP: 6/6
   621 | D        | Found a radiant altar of Vehumet.
   621 | D        | Found a shimmering blue altar of Sif Muna.
   621 | D        | Found an ancient bone altar of Kikubaaqudgha.
   624 | D        | Noticed a rust devil
   632 | D        | Noticed a neqoxec
   637 | D        | Slain by a rust devil

Illustrated notes

Levels and vault maps discovered:
D:        dungeon_sprint_mu [sprint_mu_entry_forest, sprint_mu_temple_rooms,
          sprint_mu_d1_horrors, sprint_mu_d2_genie, sprint_mu_d3_branching,
          sprint_mu_orc_legion, sprint_mu_elf_gauntlet, sprint_mu_hive_nellie,
          sprint_mu_lair_fedhas, sprint_mu_vaults_butterflies,
          sprint_mu_slime_circle, sprint_mu_shoals_kraken,
          sprint_mu_snake_twists, sprint_mu_blade_basic,
          sprint_mu_crypt_fortress, sprint_mu_tomb_spiral,
          sprint_mu_vestibule_basic, sprint_mu_gehenna_hellfire,
          sprint_mu_dis_giant, sprint_mu_tartarus_statrot,
          sprint_mu_cocytus_islands, sprint_mu_zot1]

Skill      XL: |  1  2  3  4  5  6 |
---------------+-------------------+-----
Axes           | 4 6 8 9 |  9.1
Fighting       | 6 7 9 10 | 10.6
Armour         | 3 4 |  4.4
Dodging        | 2 3 4 5 |  5.3
Stealth        | 1 |  1.5

Action                   |  1- 3 |  4- 6 |  7- 9 || total
-------------------------+-------+-------+-------++-------
Melee: Hand axe          |    11 |    53 |    14 ||    78
Invok: Berserk           |     1 |     3 |     1 ||     5
  Use: Potion            |       |     2 |       ||     2
Armor: Animal skin       |     2 |     5 |     1 ||     8
Dodge: Dodged            |     5 |    24 |     7 ||    36

Table legend: (Time is in decaauts)
 A = Elapsed time spent in this place.
 B = Non-inter-level travel time spent in this place.
 C = Inter-level travel time spent in this place.
 D = Time resting spent in this place.
 E = Time spent auto-exploring this place.
 F = Levels seen in this place.
 G = Mean time per level.
                   A        B        C        D        E       F      G
               +--------+--------+--------+--------+--------+-----+--------+
         Total |    669 |    669 |      0 |    415 |     49 |   1 |  669.0 |
       Dungeon |    669 |    669 |      0 |    415 |     49 |   1 |  669.0 |
               +--------+--------+--------+--------+--------+-----+--------+

Top non-repeatable levels by time:
       D: 669 daAuts
